 Dungeon Crawl Stone Soup version 0.21.1-1-g345015fe64 (webtiles) character file.

91 HessuHobo the Covered (level 4, 0/35 HPs)
             Began as a Human Fighter on May 23, 2018.
             Killed by divine providence
             ... invoked by an orc priest
              (17 damage)
             ... on level 3 of the Dungeon.
             The game lasted 00:02:49 (2694 turns).

HessuHobo the Covered (Human Fighter)               Turns: 2694, Time: 00:02:49

Health: 0/35       AC:  7    Str: 13 (16) XL:     4   Next: 87%
Magic:  4/4        EV:  6    Int:  9 (11) God:
Gold:   96         SH:  8    Dex: 11 (13) Spells: 3/3 levels left

rFire    . . .     SeeInvis .   a - +0 long sword
rCold    . . .     Gourm    .   c - +0 shield
rNeg     . . .     Faith    .   b - +0 scale mail
rPois    .         Spirit   .   (no helmet)
rElec    .         Reflect  .   (no cloak)
rCorr    .         Harm     .   (no gloves)
MR       +....                  (no boots)
Stlth    ..........             (no amulet)
HPRegen  0.11/turn              (no ring)
MPRegen  0.09/turn              (no ring)

@: no status effects
A: hooves 1, clever 1, deterioration 1, magic resistance 1
a: no special abilities


You were on level 3 of the Dungeon.
You were hungry.

You visited 1 branch of the dungeon, and saw 3 of its levels.

You collected 96 gold pieces.

Inventory:

Hand Weapons
 a - a +0 long sword (weapon)
Armour
 b - a +0 scale mail (worn)
 c - a +0 shield (worn)
 l - a cursed +0 robe
Scrolls
 j - 2 scrolls of identify
Potions
 d - a potion of might
 h - a potion of heal wounds
Comestibles
 f - 5 rations


   Skills:
 + Level 3.2 Fighting
 * Level 3.4 Long Blades
 * Level 3.8 Armour
 + Level 3.3 Shields


You had 3 spell levels left.
You didn't know any spells.

Dungeon Overview and Level Annotations

Branches:
Dungeon (3/15)

Altars:


Innate Abilities, Weirdness & Mutations

You have large cloven feet.
Your mind is acute. (Int +2)
Your body sometimes deteriorates upon taking damage.
You are resistant to hostile enchantments. (MR+)


Message History

You barely miss the orc. Your kick misses the orc.
The orc hits you with a club.
The orc priest invokes the aid of Beogh against you.
Beogh smites you!
You hear a bark!
You are too injured to fight recklessly!
You are too injured to fight recklessly!
You are too injured to fight recklessly!
You are too injured to fight recklessly!
Unknown command.
You block the orc's attack.
A jackal comes into view.
You see here a scroll of identify.
j - 2 scrolls of identify (gained 1)
A jackal comes into view.
The jackal barks!
You hit the orc but do no damage. The orc hits you but does no damage.
The orc priest mumbles some strange prayers to Beogh against you.
Beogh smites you!
You die...

#.#....###
#.#......
#.#h...####
#.#h.......
#.#o# #
#<#.#
.#.#.#'#.#
........o.#
#.......@.#
#.....(...#
#.........#
#.......?##
#..?.....#
##########


You could see an orc priest, an orc and 2 jackals.

Vanquished Creatures
  Jessica (D:2)
  An adder (D:2)
  2 worms (D:2)
  4 dart slugs
  3 bats
  3 giant cockroaches
  4 goblins
  5 hobgoblins
  4 jackals (D:2)
  2 quokkas (D:2)
  3 frilled lizards
  4 kobolds (D:2)
  5 rats
41 creatures vanquished.

Notes
Turn   | Place    | Note
-------+----------+-------------------------------------------
     0 | D:1      | HessuHobo the Human Fighter began the quest for the Orb.
     0 | D:1      | Reached XP level 1. HP: 18/18 MP: 1/1
   211 | D:1      | Reached XP level 2. HP: 14/24 MP: 2/2
  1505 | D:2      | Reached XP level 3. HP: 23/29 MP: 3/3
  2170 | D:2      | Reached XP level 4. HP: 35/35 MP: 4/4
  2523 | D:2      | Noticed Jessica
  2533 | D:2      | Killed Jessica
  2539 | D:2      | Gained mutation: Your body sometimes deteriorates upon taking damage. [potion of mutation]
  2539 | D:2      | Gained mutation: You are resistant to hostile enchantments. (MR+) [potion of mutation]
  2539 | D:2      | Gained mutation: You have large cloven feet. [potion of mutation]
  2539 | D:2      | Gained mutation: Your mind is acute. (Int +2) [potion of mutation]
  2694 | D:3      | Killed from afar by an orc priest

Skill      XL: |  1  2  3 |
---------------+----------+-----
Long Blades    | 3 |  3.4
Fighting       | |  3.2
Armour         | |  3.8
Shields        | |  3.3

Action                   |  1- 3 |  4- 6 || total
-------------------------+-------+-------++-------
Melee: Long sword        |   134 |    35 ||   169
       Kick              |       |     1 ||     1
  Use: Scroll            |     2 |     1 ||     3
       Potion            |       |     3 ||     3
  Eat: Chunk             |     4 |     1 ||     5
Armor: Scale mail        |    60 |    16 ||    76
Dodge: Dodged            |    38 |     6 ||    44
Block: Shield            |    65 |    15 ||    80
       Rpst.: Long sword |    13 |     2 ||    15
